 Dungeon Crawl Stone Soup version 0.18.1-48-g4cf74bf (webtiles) character file.

606 mindo the Thaumaturge (level 7, -2/36 HPs)
             Began as a Deep Elf Wizard on June 25, 2016.
             Was a Follower of Sif Muna.
             Slain by an adder (4 damage)
             ... on level 6 of the Dungeon.
             The game lasted 00:53:39 (6507 turns).

mindo the Thaumaturge (Deep Elf Wizard)             Turns: 6507, Time: 00:53:40

Health: -2/36      AC:  2    Str:  4    XL:     7   Next: 19%
Magic:  6/20       EV: 12    Int: 25    God:    Sif Muna [*.....]
Gold:   214        SH:  0    Dex: 13    Spells: 6 memorised, 9 levels left

rFire  . . .     SeeInvis .     (no weapon)
rCold  . . .     Gourm    .     a - +0 robe
rNeg   . . .     Faith    +     (no shield)
rPois  +         Spirit   .     b - +0 hat
rElec  .         Dismiss  .     (no cloak)
rCorr  .         Reflect  .     (no gloves)
SustAt .         Harm     .     (no boots)
MR     .....                    f - amulet of faith
Stlth  ++++......               v - ring of stealth
                                k - ring of poison resistance

@: very slightly contaminated, not resistant to hostile enchantments, stealthy
A: no striking features
a: Channel Energy, Renounce Religion


You were on level 6 of the Dungeon.
You worshipped Sif Muna.
Sif Muna was aware of your devotion.
You were full.

You visited 2 branches of the dungeon, and saw 8 of its levels.

You collected 214 gold pieces.

Inventory:

Hand Weapons
 y - a +4 dagger
Armour
 a - a +0 robe (worn)
 b - a +0 hat (worn)
Jewellery
 f - an amulet of faith (around neck)
 k - a ring of poison resistance (left hand)
 t - an uncursed ring of see invisible
 v - a ring of stealth (right hand)
Wands
 q - a wand of acid (0/15)
 w - a wand of confusion (16/48)
Scrolls
 e - 3 scrolls of enchant weapon
 i - 3 scrolls of remove curse {unknown}
 j - 2 scrolls of amnesia
 l - 4 scrolls of identify
 m - a scroll of fog {unknown}
 p - a scroll of blinking {unknown}
 A - a scroll of noise {unknown}
Potions
 g - a potion of resistance {unknown}
 h - 3 potions of flight {unknown}
 n - a potion of might {unknown}
 o - a potion of experience {unknown}
 s - a potion of haste {unknown}
 u - a potion of agility {unknown}
 z - a potion of curing {unknown}
Books
 c - a book of Minor Magic

   Spells                             Type                      Level
   a - Magic Dart                     Conjuration                  1
   b - Blink                          Translocation                2
   c - Call Imp                       Summoning                    2
   d - Repel Missiles                 Charms/Air                   2
   e - Slow                           Hexes                        2
   f - Conjure Flame                  Conjuration/Fire             3
   g - Mephitic Cloud                 Conjuration/Poison/Air       3
Comestibles
 d - 3 bread rations
 r - 3 meat rations


   Skills:
 - Level 2.4 Dodging
 * Level 4.6 Stealth
 - Level 0.1 Unarmed Combat
 + Level 8.0 Spellcasting
 * Level 4.3 Conjurations
 - Level 1.2 Summonings
 - Level 1.9 Translocations
 - Level 0.2 Air Magic
 * Level 2.1 Evocations


You had 9 spell levels left.
You knew the following spells:

 Your Spells              Type           Power        Failure   Level  Hunger
a - Magic Dart            Conj           ####         1%          1    None
b - Blink                 Tloc           N/A          6%          2    None
c - Conjure Flame         Conj/Fire      ###.....     10%         3    None
d - Mephitic Cloud        Conj/Pois/Air  ###.....     12%         3    None
e - Repel Missiles        Chrm/Air       ##....       10%         2    None
f - Call Imp              Summ           ###.....     8%          2    None


Dungeon Overview and Level Annotations

Branches:
Dungeon (7/15)             Temple (1/1) D:4

Altars:
Cheibriados
Dithmenos
Elyvilon
Fedhas
Kikubaaqudgha
Makhleb
Nemelex Xobeh
Okawaru
Pakellas
Qazlal
Ru
Sif Muna
Trog
Vehumet
Xom
Yredelemnul
Zin
The Shining One

Annotations:
D:5 Grinder


Message History

Confirm with . or Enter, or press ? or * to list all spells.
You blink.
Casting: Blink
Confirm with . or Enter, or press ? or * to list all spells.
A beastly little devil appears in a puff of flame.
Casting: Call Imp
Confirm with . or Enter, or press ? or * to list all spells.
A beastly little devil appears in a puff of flame.
Casting: Call Imp
Confirm with . or Enter, or press ? or * to list all spells.
You can't see any susceptible monsters within range! (Use Z to cast anyway.) Unknown command.
Casting: Call Imp
Confirm with . or Enter, or press ? or * to list all spells.
You can't see any susceptible monsters within range! (Use Z to cast anyway.)
The adder bites you.
* * * LOW HITPOINT WARNING * * *
Your crimson imp hits the adder.
The adder bites you.
You die...

#.........##.#...###..# #
#######........ .# #..# #
#.#.#.... .# #..####
#.#.##### ##...... #5#..
.).......... #######.....
###..##.....
.......5.###+#####........
.......5S......# #..#.....
.........@.....##...#.....
####............$.#.#.#+#'
###########....#...#.#. .
#.#.#.#' #...#... #...#...
#...#... #....... ##..###'


You could see an adder and 3 friendly crimson imps.

Vanquished Creatures
  2 sky beasts
  4 wights
  A hound (D:6)
  4 gnolls (D:4)
  8 adders
  A shadow imp (D:4)
  2 oozes
  A worm (D:4)
  A dart slug (D:1)
  4 giant geckos
  8 giant cockroaches
  6 hobgoblins
  4 jackals (D:1)
  9 kobolds
  A quokka (D:2)
  9 bats
  A giant gecko skeleton (D:6)
  4 giant newts
  6 goblins
  A goblin zombie (D:2)
  6 rats
83 creatures vanquished.

Vanquished Creatures (collateral kills)
  A scorpion (D:6)
  A giant frog zombie (D:6)
  An orc wizard (D:5)
  A worker ant zombie (D:5)
  2 orcs (D:5)
6 creatures vanquished.

Vanquished Creatures (others)
  2 kobolds (D:2)
2 creatures vanquished.

Grand Total: 91 creatures vanquished

Notes
Turn   | Place    | Note
--------------------------------------------------------------
     0 | D:1      | mindo the Deep Elf Wizard began the quest for the Orb.
     0 | D:1      | Reached XP level 1. HP: 10/10 MP: 7/7
   165 | D:1      | Reached skill level 5 in Spellcasting
   165 | D:1      | Reached XP level 2. HP: 15/15 MP: 0/10
   774 | D:1      | Reached XP level 3. HP: 19/19 MP: 8/11
   778 | D:1      | Learned a level 2 spell: Blink
  1199 | D:1      | Learned a level 3 spell: Conjure Flame
  1695 | D:2      | Reached XP level 4. HP: 24/24 MP: 9/13
  1741 | D:2      | Reached skill level 6 in Spellcasting
  2259 | D:2      | Found a runed door.
  2259 | D:2      | Noticed a human
  2265 | D:2      | Found a basalt altar of Yredelemnul.
  2849 | D:3      | Reached XP level 5. HP: 28/28 MP: 3/15
  3246 | D:3      | Learned a level 3 spell: Mephitic Cloud
  3342 | D:4      | Found a white marble altar of Elyvilon.
  3393 | D:5      | Entered Level 5 of the Dungeon
  3676 | D:4      | Found a shimmering altar of Xom.
  3804 | D:4      | Found a staircase to the Ecumenical Temple.
  3886 | Temple   | Entered the Ecumenical Temple
  3974 | Temple   | Became a worshipper of Sif Muna the Loreminder
  4001 | D:4      | Learned a level 2 spell: Repel Missiles
  4131 | D:4      | Noticed a sky beast
  4241 | D:4      | Killed a sky beast
  4241 | D:4      | Reached skill level 7 in Spellcasting
  4241 | D:4      | Reached skill level 1 in Evocations
  4241 | D:4      | Reached XP level 6. HP: 32/32 MP: 4/18
  4574 | D:5      | Learned a level 2 spell: Call Imp
  4890 | D:5      | Found a blossoming altar of Fedhas.
  4894 | D:5      | Found a sacrificial altar of Ru.
  4901 | D:5      | Found an oddly glowing altar of Pakellas.
  4928 | D:5      | Noticed Grinder
  5802 | D:5      | Found an iron altar of Okawaru.
  5802 | D:5      | Found a radiant altar of Vehumet.
  6119 | D:6      | Reached XP level 7. HP: 7/36 MP: 7/20
  6427 | D:6      | Reached * piety under Sif Muna
  6475 | D:6      | Reached skill level 8 in Spellcasting
  6507 | D:6      | Slain by an adder

Skill      XL: |  1  2  3  4  5  6  7 |
---------------+----------------------+-----
Spellcasting   | 5 6 7 8 |  8.0
Conjurations   | 2 3 4 |  4.3
Stealth        | 3 4 |  4.6
Evocations     | 1 2 |  2.1
Dodging        | |  2.4
Unarmed Combat | |  0.1
Summonings     | |  1.2
Translocations | |  1.9
Air Magic      | |  0.2

Action                   |  1- 3 |  4- 6 |  7- 9 || total
-------------------------+-------+-------+-------++-------
Melee: Unarmed           |     4 |     2 |     5 ||    11
 Cast: Magic Dart        |    92 |   117 |     2 ||   211
       Blink             |     6 |    23 |     4 ||    33
       Conjure Flame     |       |    25 |       ||    25
       Mephitic Cloud    |       |     8 |       ||     8
       Call Imp          |       |    20 |     8 ||    28
Evoke: Wand              |       |     8 |       ||     8
  Use: Scroll            |     1 |     2 |       ||     3
       Potion            |       |     1 |       ||     1
  Eat: Pizza             |     1 |     2 |       ||     3
       Bread ration      |     1 |     1 |     1 ||     3
       Royal jelly       |       |     1 |       ||     1
       Beef jerky        |       |     2 |       ||     2
Armor: Robe              |     6 |     3 |     1 ||    10
Dodge: Dodged            |    32 |    24 |       ||    56
